Map: Apotheosis LE

Players

Fropez - Winner!

  • Race: Protoss Protoss
  • League: Gold
  • Spawn Location: 5:00

Bandit

  • Race: Terran Terran
  • League: Gold
  • Spawn Location: 11:00

VOD

Have the link to the VOD?

Description

Time

  • Played on: Oct. 30, 2016, 4:13 p.m.
  • Length: 23:21
Show
View Real Time Build Order
Export as new Build Order

Fropez Protoss - Winner!

Build Orders: 1 Gate Expand 

Get SALT Encoding   

  12  0:01  Probe (Chrono Boost)  
  13  0:15  Pylon  
  13  0:17  Probe (Chrono Boost)  
  14  0:34  Gateway  
  15  0:35  Probe (Chrono Boost)  
  15  0:42  Assimilator  
  15  0:46  Probe (Chrono Boost)  
  16  1:08  Probe (Chrono Boost)  
  18  1:18  Probe (Chrono Boost)  
  18  1:26  Nexus  
  18  1:35  Pylon, Probe (Chrono Boost)  
  18  1:36  Assimilator  
  19  1:47  Probe (Chrono Boost)  
  19  1:51  Cybernetics Core  
  20  1:55  Gateway  
  20  2:02  Probe (Chrono Boost)  
  21  2:11  Gateway  
  21  2:19  Pylon, Probe (Chrono Boost)  
  22  2:31  Assimilator  
  22  2:35  Pylon  
  22  2:39  Probe x2 (Chrono Boost)  
  23  2:46  Warp Gate (Chrono Boost)  
  23  2:50  Probe x2 (Chrono Boost)  
  25  3:08  Gateway  
  25  3:10  Gateway  
  26  3:12  Probe  
  26  3:15  Probe  
  27  3:23  Pylon  
  27  3:25  Probe  
  28  3:31  Adept (Chrono Boost)  
  30  3:40  Adept (Chrono Boost)  
  34  3:43  Adept (Chrono Boost), Probe  
  37  3:55  Mothership Core  
  37  4:00  Probe, Assimilator  
  38  4:07  Adept (Chrono Boost)  
  40  4:37  Pylon  
  34  5:03  Adept  
  34  5:04  Adept x2  
  34  5:05  Adept x2  
  40  5:29  Gateway  
  36  5:37  Twilight Council  
  32  5:44  Forge x2  
  32  5:46  Adept x4  
  32  5:47  Adept  
  42  6:02  Assimilator  
  42  6:07  Probe x2  
  44  6:13  Robotics Facility  
  44  6:17  Pylon  
  44  6:31  Adept x4  
  44  6:32  Adept x2  
  34  6:47  Probe x2, Gateway  
  34  6:50  Pylon  
  36  6:55  Gateway  
  36  6:56  Gateway  
  36  6:59  Probe x2  
  38  7:05  Protoss Ground Weapons Level 1 (Chrono Boost), Protoss Ground Armor Level 1 (Chrono Boost)  
  38  7:15  Warp Prism  
  38  7:20  Resonating Glaives  
  40  7:32  Stalker  
  40  7:33  Stalker  
  44  7:38  Stalker  
  46  7:52  Stalker  
  46  7:56  Observer  
  49  8:11  Probe x2  
  51  8:38  Adept x5  
  51  8:39  Adept x3  
  65  9:19  Stalker x3  
  65  9:20  Stalker x5  
  69  9:56  Stalker x4  
  69  9:57  Stalker x4  
  83  10:11  Blink  
  83  10:14  Protoss Ground Armor Level 2 (Chrono Boost), Protoss Ground Weapons Level 2 (Chrono Boost)  
  83  10:18  Observer  
  83  10:28  Pylon x2  
  83  10:54  Nexus  
  83  10:57  Pylon  
  83  10:58  Pylon  
  67  11:23  Adept x5  
  67  11:24  Adept x3  
  69  11:44  Stalker x2  
  69  11:45  Stalker x4  
  71  12:23  Stalker x2  
  71  12:24  Stalker x4  
  71  12:25  Stalker  
  71  12:27  Probe  
  80  12:40  Assimilator  
  78  12:46  Assimilator  
  70  13:21  Stalker x4  
  70  13:22  Stalker x3  
  70  13:23  Stalker  
  80  13:54  Templar Archives  
  76  13:57  Gateway  
  76  13:58  Stalker x2  
  76  13:59  Pylon, Stalker  
  72  14:04  Pylon  
  58  14:42  High Templar x5  
  58  14:43  High Templar x3  
  58  14:44  Nexus  
  74  14:47  Archon x4  
  74  14:56  Protoss Shields Level 1 (Chrono Boost)  
  74  15:04  Probe  
  74  15:05  Probe x2  
  77  15:19  High Templar x5  
  77  15:20  High Templar x4  
  95  15:24  Archon x4  
  95  15:28  Protoss Ground Weapons Level 3 (Chrono Boost)  
  95  15:47  Probe  
  95  15:48  Probe x2  
  78  15:58  Probe  
  78  16:00  Probe x2  
  77  16:05  Charge (Chrono Boost)  
  77  16:17  Assimilator  
  77  16:19  Assimilator  
  77  16:20  Stalker  
  77  16:21  Pylon, Stalker x3  
  77  16:22  Stalker x2  
  84  17:04  Stalker x3  
  84  17:05  Stalker x4  
  84  17:06  Stalker x2  
  102  17:13  Probe, Gateway  
  102  17:14  Probe  
  102  17:15  Probe x2  
  106  17:17  Gateway x2  
  94  17:43  Nexus  
  94  17:50  Stalker x4, Protoss Shields Level 2  
  102  17:51  Stalker x2  
  102  17:52  Stalker  
  102  17:56  Probe x2  
  110  18:03  Protoss Ground Armor Level 3  
  108  18:35  Stalker x5  
  108  18:36  Stalker x3  
  108  18:41  Probe x2  
  124  18:42  Probe x2  
  128  18:51  Pylon  
  128  18:53  Pylon  
  128  18:59  Pylon  
  128  19:02  Gateway  
  128  19:03  Gateway  
  122  19:23  Stalker  
  122  19:24  Stalker x4  
  126  19:25  Stalker x4  
  140  19:32  Assimilator  
  140  19:39  Assimilator  
  130  19:48  Nexus  
  114  20:11  Stalker x4  
  114  20:12  Stalker x4  
  114  20:13  Stalker x4  
  118  20:42  Stalker x5  
  122  20:43  Stalker x5  
  120  21:08  Stalker x3  
  120  21:09  Stalker x6  
  138  21:31  Assimilator  
  138  21:36  Assimilator  
  138  21:51  Zealot x3  
  138  21:52  Zealot x7  
  138  21:53  Zealot x2  
  162  22:15  Pylon  
  162  22:18  Zealot x6  
  162  22:19  Pylon, Zealot x4  
  152  23:12  Stalker x4  
  138  23:13  Stalker x5  
  138  23:14  Stalker x3  
  156  23:20  Gateway  
Show
View Real Time Build Order
Export as new Build Order

Bandit Terran 

Build Orders:  

Get SALT Encoding   

  12  0:01  SCV  
  13  0:13  SCV  
  14  0:20  Supply Depot  
  14  0:25  SCV  
  15  0:45  SCV, Barracks  
  16  0:52  Supply Depot  
  16  0:57  SCV  
  17  1:09  SCV  
  18  1:21  SCV  
  19  1:33  SCV  
  20  1:41  Marine  
  21  1:48  Command Center  
  21  2:03  Command Center  
  21  2:04  Marine  
  22  2:10  Refinery  
  22  2:15  Refinery  
  22  2:23  Engineering Bay  
  22  2:30  Marine  
  23  2:43  Orbital Command  
  23  2:49  Marine  
  24  3:06  Bunker  
  24  3:18  SCV  
  25  3:38  Planetary Fortress  
  25  3:39  Marine  
  26  3:45  SCV  
  27  3:55  Planetary Fortress  
  27  4:05  Marine  
  27  4:22  Marine  
  28  4:41  SCV  
  28  4:43  Marine  
  28  4:44  SCV  
  31  4:51  Missile Turret  
  31  4:53  SCV  
  31  4:56  SCV, Missile Turret  
  33  5:00  Marine  
  33  5:05  SCV  
  35  5:17  SCV  
  35  5:20  Hi-Sec Auto Tracking  
  36  5:22  SCV  
  36  5:24  SCV  
  38  5:29  SCV  
  38  5:34  Marine, SCV  
  38  5:35  Missile Turret  
  39  5:36  SCV  
  39  5:41  SCV  
  41  5:46  SCV  
  41  5:48  SCV  
  43  5:52  Marine  
  44  5:58  SCV  
  45  6:06  Factory  
  45  6:10  Marine, SCV  
  47  6:15  Missile Turret  
  47  6:17  Building Armor  
  47  6:22  SCV  
  48  6:27  Marine  
  49  6:37  Missile Turret  
  47  6:54  SCV  
  47  6:58  Refinery  
  48  7:01  Refinery  
  48  7:05  Missile Turret  
  48  7:06  SCV  
  49  7:09  Missile Turret  
  49  7:14  Marine, Missile Turret  
  50  7:15  SCV  
  51  7:23  SCV  
  51  7:26  Refinery  
  51  7:28  SCV  
  53  7:31  Marine  
  53  7:33  Refinery  
  53  7:36  Missile Turret  
  54  7:42  Missile Turret  
  54  7:49  SCV  
  54  7:50  Missile Turret  
  55  7:55  SCV  
  56  8:01  SCV  
  56  8:05  Supply Depot  
  57  8:07  SCV  
  58  8:13  SCV, Supply Depot  
  58  8:14  SCV  
  58  8:19  SCV  
  61  8:26  SCV  
  62  8:27  Supply Depot  
  62  8:30  SCV, Missile Turret  
  62  8:31  SCV  
  64  8:37  Supply Depot  
  64  8:38  SCV  
  64  8:40  Starport  
  65  8:43  SCV  
  65  8:45  Starport  
  65  8:46  Factory Tech Lab  
  65  8:47  Starport  
  66  8:49  Starport  
  66  8:51  SCV, Supply Depot, Missile Turret  
  66  8:52  Marine  
  68  8:56  SCV  
  68  9:08  SCV  
  59  10:11  Starport Tech Lab  
  59  10:18  Starport Tech Lab  
  59  10:19  Starport Tech Lab  
  59  10:20  Starport Tech Lab  
  59  10:30  Refinery  
  59  10:48  Supply Depot  
  57  11:10  SCV  
  57  11:11  Marine  
  58  11:14  Raven  
  58  11:15  Raven x3  
  58  11:16  Corvid Reactor  
  58  11:18  Explosive Shrapnel Shells  
  64  11:29  Marine  
  64  11:47  Marine  
  62  11:58  SCV  
  63  12:04  Marine, Raven x2  
  63  12:05  Raven x2  
  67  12:10  SCV  
  68  12:22  Marine, SCV  
  64  12:34  SCV  
  65  12:46  SCV  
  65  12:47  Raven x3  
  65  12:48  Raven  
  74  12:51  SCV  
  75  12:58  SCV  
  75  13:03  SCV  
  73  13:11  SCV  
  68  13:16  SCV  
  66  13:23  SCV  
  65  13:28  SCV  
  64  13:35  SCV  
  64  13:40  SCV  
  65  13:46  Marine  
  66  14:04  Marine  
  67  14:22  Marine  
  68  14:26  Command Center  
  68  14:29  Refinery  
  68  14:40  Marine  
  68  14:41  SCV  
  70  14:53  SCV  
  70  14:58  Marine  
  72  15:02  SCV  
  72  15:06  SCV  
  74  15:18  SCV  
  75  15:24  Raven x2  
  75  15:25  Supply Depot  
  75  15:26  Missile Turret  
  79  15:30  SCV  
  79  15:33  Siege Tank  
  83  15:42  SCV  
  84  15:54  SCV, Supply Depot  
  85  16:03  SCV  
  86  16:15  SCV, Raven x2  
  91  16:20  Supply Depot  
  91  16:27  SCV  
  89  16:39  SCV, Raven  
  92  16:43  Marine  
  92  16:44  Supply Depot  
  93  16:51  SCV  
  94  17:01  Marine  
  94  17:04  SCV  
  96  17:16  SCV  
  96  17:17  Raven x3  
  96  17:18  Missile Turret  
  96  17:19  Marine  
  104  17:36  Marine  
  105  17:38  Missile Turret  
  105  17:43  Raven  
  107  17:54  Marine  
  108  18:03  Refinery  
  108  18:04  Command Center  
  108  18:08  Refinery  
  108  18:20  Raven x3  
  111  19:20  Raven x3  
  110  20:00  Raven  
  110  20:03  Raven  
  114  20:07  SCV  
  115  20:19  SCV  
  98  20:44  Raven  
  98  20:45  Raven  
  98  20:46  SCV  
  99  20:58  SCV  
  100  21:10  SCV  
  101  21:23  SCV  
  102  21:35  SCV  
  103  21:47  SCV  
  104  21:57  Refinery, Command Center  
  104  21:59  SCV  
  105  22:15  Refinery  
  105  22:17  Missile Turret  
  105  22:19  Missile Turret  
  105  22:20  Missile Turret  
Tags
 
Add a new tag
Caveats
  • Supply blocks, unpowered buildings, or Contaminate may cause inaccurate times.
  • Supply counts are checked every 10 seconds.